 Dungeon Crawl Stone Soup version 0.20.1-1-g8b1a95d (webtiles) character file.

3328 HuneSparrow the Carver (level 9, -2/71 HPs)
             Began as a Demonspawn Fighter on Oct 6, 2017.
             Was a Priest of Qazlal.
             Slain by an orc warrior
             ... wielding a +0 trident
              (15 damage)
             ... on level 7 of the Dungeon.
             The game lasted 00:24:21 (7299 turns).

HuneSparrow the Carver (Demonspawn Fighter)         Turns: 7299, Time: 00:24:22

Health: -2/71      AC: 16    Str: 20    XL:     9   Next: 71%
Magic:  9/9        EV: 11    Int:  9    God:    Qazlal [***...]
Gold:   340        SH: 15    Dex: 18    Spells: 8/8 levels left

rFire    . . .     SeeInvis .   a - +0 long sword
rCold    . . .     Gourm    .   c - +0 shield
rNeg     . . .     Faith    .   p - +0 plate armour (curse)
rPois    .         Spirit   .   y - +2 hat
rElec    .         Reflect  .   (no cloak)
rCorr    .         Harm     .   (no gloves)
MR       +....                  (no boots)
Stlth    ..........             (no amulet)
Regen    0.3/turn               r - +2 ring of evasion
MPRegen  0.2/turn               C - ring of protection from magic

@: agile, drained
A: horns 2, iridescent scales 1, nightstalker 2, powered by pain 2
a: Upheaval, Elemental Force, Renounce Religion


You were on level 7 of the Dungeon.
You worshipped Qazlal.
Qazlal was most pleased with you.
You were not hungry.

You visited 2 branches of the dungeon, and saw 8 of its levels.

You collected 340 gold pieces.

Inventory:

Hand Weapons
 a - a +0 long sword (weapon)
Armour
 b - a +0 scale mail
 c - a +0 shield (worn)
 p - a cursed +0 plate armour (worn)
 y - a +2 hat (worn)
Jewellery
 r - a +2 ring of evasion (left hand)
 C - a ring of protection from magic (right hand)
Wands
 D - a wand of flame (33/48)
Scrolls
 h - 2 scrolls of fear
 k - 3 scrolls of remove curse {unknown}
 l - 2 scrolls of teleportation {unknown}
 n - a scroll of noise {unknown}
 t - 2 scrolls of enchant armour {unknown}
 u - a scroll of enchant weapon {unknown}
 w - 2 scrolls of identify
 B - a scroll of magic mapping {unknown}
Potions
 e - a potion of cancellation
 j - 2 potions of flight {unknown}
 m - a potion of mutation
 o - a potion of curing {unknown}
 q - a potion of agility
 s - a potion of brilliance {unknown}
 z - a potion of lignification {unknown}
 A - a potion of haste {unknown}
Books
 x - a book of Misfortune

   Spells                             Type                      Level
   a - Confusing Touch                Hexes                        1
   b - Confuse                        Hexes                        3
   c - Gell's Gravitas                Translocation                3
   d - Petrify                        Transmutation/Earth          4
   e - Metabolic Englaciation         Hexes/Ice                    5
   f - Yara's Violent Unravelling     Hexes/Transmutation          5
Comestibles
 d - a chunk of flesh
 f - 3 bread rations
 g - a fruit
 i - 3 meat rations
 v - 2 royal jellies


   Skills:
 + Level 6.9(6.4) Fighting
 * Level 8.0(7.5) Long Blades
 + Level 6.4(5.9) Armour
 + Level 6.3(5.8) Shields


You had 8 spell levels left.
You didn't know any spells.

Dungeon Overview and Level Annotations

Branches:
Dungeon (7/15)             Temple (1/1) D:4

Altars:
Cheibriados
Dithmenos
Fedhas
Gozag
Hepliaklqana
Kikubaaqudgha
Nemelex Xobeh
Okawaru
Qazlal
Ru
Sif Muna
Uskayaw
Vehumet
Xom


Innate Abilities, Weirdness & Mutations

You have a pair of horns on your head.
You are partially covered in iridescent scales. (AC +2)
You are significantly more attuned to the shadows.
You sometimes gain power by taking damage.


Message History

You block the orc priest's attack. The orc warrior barely misses you.
You hit the orc priest but do no damage.
The orc priest is almost dead.
The orc priest miscasts a cantrip.
The orc warrior hits you from afar with a trident.
You slash the orc priest!
You kill the orc priest!
Qazlal accepts your kill. You block the orc warrior's attack.
You block the orc warrior's attack.
Items here: ))))) [[[[[[[ †††† You hit the orc warrior but do no damage.
The orc warrior hits you with a trident!
* * * LOW HITPOINT WARNING * * *
You hit the orc warrior but do no damage.
Your headbutt misses the orc warrior. You block the orc warrior's attack.
You feel agile all of a sudden.
You closely miss the orc warrior.
The orc warrior hits you with a trident!
You die...

####...###.#......
#..####.#.###### ..
.......#...#
######.#...###
.########.).....# #
.......#...).....
#. #..)..........
#..###.###......###
#.oo@..# ##.#...#
#..##### #.##### #.
#.# .. .. .


You could see an orc warrior and an orc.

Vanquished Creatures
  Grinder (D:5)
  Sigmund (D:3)
  Menkaure (D:5)
  Duvessa (D:7)
  5 orc warriors
  3 ice beasts
  A necrophage (D:6)
  A black bear (D:6)
  2 ogres
  2 centaurs
  A bullfrog (D:7)
  Dowan (D:7)
  4 scorpions
  A howler monkey (D:6)
  A centaur zombie (D:6)
  3 crimson imps (D:5)
  A quasit (D:5)
  2 jellies
  7 orc priests
  A hound (D:4)
  8 orc wizards
  A bullfrog skeleton (D:5)
  2 iguanas
  4 worker ants
  A hound skeleton (D:5)
  A worker ant zombie (D:7)
  8 adders
  A shadow imp (D:7)
  2 oozes
  An adder zombie (D:7)
  2 adder skeletons
  2 worms
  4 dart slugs
  6 leopard geckos
  34 orcs
  7 giant cockroaches
  9 goblins
  13 hobgoblins
  8 jackals
  12 kobolds
  2 quokkas
  A ball python (D:6)
  6 bats
  8 frilled lizards
  2 giant cockroach zombies
  A leopard gecko zombie (D:5)
  3 quokka skeletons
  7 rats
196 creatures vanquished.

Notes
Turn   | Place    | Note
-------+----------+-------------------------------------------
     0 | D:1      | HuneSparrow the Demonspawn Fighter began the quest for the Orb.
     0 | D:1      | Reached XP level 1. HP: 18/18 MP: 1/1
    31 | D:1      | Reached skill level 2 in Long Blades
   336 | D:1      | Gained mutation: You have a pair of small horns on your head. [demonic ancestry]
   336 | D:1      | Reached XP level 2. HP: 16/24 MP: 2/2
   915 | D:1      | Gained mutation: You have a pair of horns on your head. [demonic ancestry]
   915 | D:1      | Reached XP level 3. HP: 29/29 MP: 3/3
  1017 | D:1      | Found a deep blue altar of Sif Muna.
  1256 | D:2      | Found a snail-covered altar of Cheibriados.
  1725 | D:3      | Noticed Sigmund
  1820 | D:3      | Reached XP level 4. HP: 31/35 MP: 4/4
  2182 | D:3      | Found a hazy altar of Hepliaklqana.
  2299 | D:4      | Reached skill level 3 in Long Blades
  2316 | D:4      | Found a staircase to the Ecumenical Temple.
  2325 | Temple   | Entered the Ecumenical Temple
  2346 | Temple   | Became a worshipper of Qazlal Stormbringer
  2439 | D:4      | Gained mutation: You sometimes gain a little power by taking damage. [demonic ancestry]
  2439 | D:4      | Reached XP level 5. HP: 23/42 MP: 5/5
  2829 | D:4      | Gained mutation: You are slightly more attuned to the shadows. [demonic ancestry]
  2829 | D:4      | Reached XP level 6. HP: 40/48 MP: 6/6
  2905 | D:4      | Reached skill level 4 in Long Blades
  3280 | D:4      | Noticed an orc warrior
  3440 | D:2      | Killed an orc warrior
  3859 | D:3      | Killed Sigmund
  3859 | D:3      | Reached * piety under Qazlal
  3859 | D:3      | Gained mutation: You are significantly more attuned to the shadows. [demonic ancestry]
  3859 | D:3      | Reached XP level 7. HP: 43/55 MP: 7/7
  4038 | D:4      | Found a sparkling altar of Nemelex Xobeh.
  4162 | D:5      | Entered Level 5 of the Dungeon
  4254 | D:5      | Noticed Menkaure
  4261 | D:5      | Killed Menkaure
  4261 | D:5      | Reached skill level 5 in Long Blades
  4620 | D:5      | Reached skill level 5 in Fighting
  4648 | D:5      | Gained mutation: You sometimes gain power by taking damage. [demonic ancestry]
  4648 | D:5      | Reached XP level 8. HP: 48/62 MP: 8/8
  4700 | D:5      | Noticed Grinder
  4835 | D:5      | Reached skill level 5 in Armour
  4863 | D:5      | Paralysed by Grinder for 2 turns
  4875 | D:5      | Killed Grinder
  4875 | D:5      | Reached skill level 6 in Long Blades
  4875 | D:5      | Reached skill level 5 in Shields
  5136 | D:6      | Reached ** piety under Qazlal
  5194 | D:6      | Found a shimmering altar of Xom.
  5259 | D:6      | Found a hide-covered altar of Uskayaw.
  5485 | D:6      | Gained mutation: You are partially covered in iridescent scales. (AC +2) [demonic ancestry]
  5485 | D:6      | Reached XP level 9. HP: 57/69 MP: 9/9
  5503 | D:6      | Reached skill level 7 in Long Blades
  6761 | D:7      | Reached *** piety under Qazlal
  6794 | D:7      | Noticed Duvessa
  6796 | D:7      | Noticed Dowan
  6914 | D:7      | Killed Duvessa
  6932 | D:7      | Killed Dowan
  7275 | D:7      | Reached skill level 8 in Long Blades
  7299 | D:7      | Slain by an orc warrior

Skill      XL: |  1  2  3  4  5  6  7  8  9 |
---------------+----------------------------+-----
Long Blades    | 2 3 4 5 6 8 |  8.0
Shields        | 3 4 5 6 |  6.3
Armour         | 3 4 5 6 |  6.4
Fighting       | 4 5 6 |  6.9

Action                   |  1- 3 |  4- 6 |  7- 9 || total
-------------------------+-------+-------+-------++-------
Melee: Long sword        |   136 |   214 |   408 ||   758
       Headbutt          |    13 |    33 |   105 ||   151
  Use: Scroll            |       |     4 |       ||     4
       Potion            |       |     1 |     1 ||     2
  Eat: Chunk             |     3 |     4 |    10 ||    17
       Meat ration       |       |     1 |       ||     1
Armor: Scale mail        |    53 |     4 |       ||    57
       Plate armour      |       |   120 |   153 ||   273
Dodge: Dodged            |    39 |    49 |    68 ||   156
Block: Shield            |    52 |   101 |   231 ||   384
       Rpst.: Long sword |    11 |    21 |    23 ||    55
